| TOP OF THE 1ST |
|
Bluefield Blue Jays batting - Pitching for Seattle (APP) Mariners : RHP Mario Mata
|
|
Pitching: RHP Mario Mata
|
|
|
Batting: RHB Manny Elizondo
|
0-0: Ball 1-0: Ground out 6-3 (Groundball, 6, EV 78.1 MPH)
|
|
Batting: RHB Terry Plumley
|
0-0: Swinging Strike 0-1: Swinging Strike 0-2: Ground out 6-3 (Groundball, 6, EV 78.1 MPH)
|
|
Batting: LHB Nate Greening
|
0-0: Swinging Strike 0-1: Swinging Strike 0-2: Ball 1-2: Foul Ball, location: 2F 1-2: Strikes out swinging
|
| Top of the 1st over - 0 runs, 0 hits, 0 errors, 0 left on base; Bluefield 0 - Seattle (APP) 0 |
| BOTTOM OF THE 1ST |
|
Seattle (APP) Mariners batting - Pitching for Bluefield Blue Jays : RHP Bob Markle
|
|
Pitching: RHP Bob Markle
|
|
|
Batting: RHB Chris Van Niel
|
0-0: Called Strike 0-1: Ball 1-1: Swinging Strike 1-2: Strikes out swinging
|
|
Batting: RHB John Vasquez
|
0-0: Called Strike 0-1: Ball 1-1: Ball 2-1: Swinging Strike 2-2: Strikes out swinging
|
|
Batting: SHB Carlos Luna
|
0-0: Called Strike 0-1: Called Strike 0-2: Ground out 5-3 (Groundball, 56S, EV 68.1 MPH)
|
| Bottom of the 1st over - 0 runs, 0 hits, 0 errors, 0 left on base; Bluefield 0 - Seattle (APP) 0 |
| TOP OF THE 2ND |
|
Bluefield Blue Jays batting - Pitching for Seattle (APP) Mariners : RHP Mario Mata
|
|
Batting: RHB Mark Noftall
|
0-0: Ball 1-0: Ball 2-0: Ball 3-0: Called Strike 3-1: Ground out 4-3 (Groundball, 34, EV 85.6 MPH)
|
|
Batting: RHB Akira Kubo
|
0-0: Ball 1-0: Ball 2-0: Ball 3-0: Called Strike 3-1: Swinging Strike 3-2: Strikes out swinging
|
|
Batting: RHB John Rios
|
0-0: Foul Ball, location: 2F 0-1: Ball 1-1: Reached on error, E4 (Groundball, 4, EV 90.0 MPH)
|
|
Batting: LHB Ron de Vos
|
0-0: Ball Passed Ball! John Rios to third 1-0: Ball 2-0: Ball 3-0: Called Strike 3-1: Base on Balls
|
|
Batting: RHB Jorge Cruz
|
0-0: Called Strike 0-1: Foul Ball, location: 2F 0-2: Ball Ron de Vos steals 2nd base 1-2: Ball 2-2: Fly out, F9 (Line Drive, 9S, EV 97.5 MPH)
|
| Top of the 2nd over - 0 runs, 0 hits, 1 error, 2 left on base; Bluefield 0 - Seattle (APP) 0 |
| BOTTOM OF THE 2ND |
|
Seattle (APP) Mariners batting - Pitching for Bluefield Blue Jays : RHP Bob Markle
|
|
Batting: RHB Nick Edmunds
|
0-0: Ground out 4-3 (Groundball, 4, EV 102.5 MPH)
|
|
Batting: RHB Nick Ellis
|
0-0: Ball 1-0: Ball 2-0: Ball 3-0: Called Strike 3-1: Base on Balls
|
|
Batting: RHB Carlton McDonald
|
0-0: Ball 1-0: Ball 2-0: Ball 3-0: Called Strike 3-1: Base on Balls Nick Ellis to second
|
|
Batting: RHB Joaquin Salazar
|
0-0: Called Strike 0-1: Ball 1-1: Ball 2-1: Ball 3-1: Foul Ball, location: 2F 3-2: Foul Ball, location: 2F 3-2: Strikes out swinging
|
|
Batting: RHB Ziven Badersky
|
0-0: Called Strike 0-1: SINGLE (Groundball, 34D, EV 101.9 MPH) Nick Ellis to third Carlton McDonald to second Runner from 3rd tries for Home, throw by RF and OUT! 9-2
|
| Bottom of the 2nd over - 0 runs, 1 hit, 0 errors, 2 left on base; Bluefield 0 - Seattle (APP) 0 |
| TOP OF THE 3RD |
|
Bluefield Blue Jays batting - Pitching for Seattle (APP) Mariners : RHP Mario Mata
|
|
Batting: RHB Jorge Alva
|
0-0: Ball 1-0: Swinging Strike 1-1: Swinging Strike 1-2: Ball 2-2: Strikes out swinging
|
|
Batting: RHB Manny Elizondo
|
0-0: Fly out, F4 (Line Drive, 4, EV 68.8 MPH)
|
|
Batting: RHB Terry Plumley
|
0-0: Called Strike 0-1: Ball 1-1: Ball 2-1: Ball 3-1: Reached on error, E5 (Groundball, 56S, EV 91.2 MPH)
|
|
Batting: LHB Nate Greening
|
0-0: Ball 1-0: Ball 2-0: Ball 3-0: Base on Balls Terry Plumley to second
|
|
Batting: RHB Mark Noftall
|
0-0: Called Strike 0-1: Called Strike 0-2: Ball 1-2: Strikes out looking
|
| Top of the 3rd over - 0 runs, 0 hits, 1 error, 2 left on base; Bluefield 0 - Seattle (APP) 0 |
| BOTTOM OF THE 3RD |
|
Seattle (APP) Mariners batting - Pitching for Bluefield Blue Jays : RHP Bob Markle
|
|
Batting: RHB Josh Carpenter
|
0-0: DOUBLE (Line Drive, 89M, EV 107.5 MPH)
|
|
Batting: RHB Chris Van Niel
|
0-0: Ball 1-0: Foul Ball, location: 2F 1-1: Ball 2-1: Foul Ball, location: 2F 2-2: Ball Wild Pitch! Josh Carpenter to third 3-2: Base on Balls
|
|
Batting: RHB John Vasquez
|
0-0: Ball Chris Van Niel steals 2nd base (no throw) 1-0: Foul Ball, location: 2F 1-1: SINGLE (Groundball, 6MD, EV 98.1 MPH) Josh Carpenter scores Chris Van Niel to third
|
|
Batting: SHB Carlos Luna
|
0-0: Ball 1-0: Grounds out, U3 (Groundball, 3L, EV 99.4 MPH) Chris Van Niel scores
|
|
Batting: RHB Nick Edmunds
|
0-0: Ball 1-0: Ball 2-0: Fly out, F8 (Flyball, 8RM, EV 85.0 MPH)
|
|
Batting: RHB Nick Ellis
|
0-0: Ball 1-0: SINGLE (Line Drive, 56D, EV 98.1 MPH) John Vasquez to third Runner from 3rd tries for Home, throw by LF and OUT! 7-2
|
| Bottom of the 3rd over - 2 runs, 3 hits, 0 errors, 1 left on base; Bluefield 0 - Seattle (APP) 2 |
| TOP OF THE 4TH |
|
Bluefield Blue Jays batting - Pitching for Seattle (APP) Mariners : RHP Mario Mata
|
|
Batting: RHB Akira Kubo
|
0-0: Ball 1-0: Ball 2-0: Ball 3-0: Called Strike 3-1: Foul Ball, location: 2F 3-2: Ground out 6-3 (Groundball, 6, EV 105.6 MPH)
|
|
Batting: RHB John Rios
|
0-0: Ball 1-0: Ball 2-0: Ball 3-0: Base on Balls
|
|
Batting: LHB Ron de Vos
|
0-0: Bunted foul 0-1: Ball 1-1: Called Strike 1-2: Ball 2-2: Ball 3-2: Base on Balls John Rios to second
|
|
Batting: RHB Jorge Cruz
|
0-0: Fielders Choice at 2nd, 5-4 (Groundball, 5, EV 95.0 MPH) John Rios to third
|
|
Pinch Hitting: SHB Kevin Watson
|
0-0: Called Strike Jorge Cruz steals 2nd base 0-1: Foul Ball, location: 2F 0-2: Ball 1-2: Ball 2-2: Strikes out swinging
|
| Top of the 4th over - 0 runs, 0 hits, 0 errors, 2 left on base; Bluefield 0 - Seattle (APP) 2 |
| BOTTOM OF THE 4TH |
|
Seattle (APP) Mariners batting - Pitching for Bluefield Blue Jays : RHP Bob Markle
|
|
Now in RF: Benedikt Fleischmann
|
|
|
Batting: RHB Carlton McDonald
|
0-0: Ball 1-0: Ball 2-0: Ball 3-0: Called Strike 3-1: DOUBLE (Line Drive, 89D, EV 112.5 MPH)
|
|
Batting: RHB Joaquin Salazar
|
0-0: Ball 1-0: Called Strike 1-1: Ball 2-1: Ball 3-1: Called Strike 3-2: Ground out 6-3 (Groundball, 6, EV 90.6 MPH) Carlton McDonald to third
|
|
DELAY
|
Rain delay of 38 minutes in the 4th inning.
|
|
Batting: RHB Ziven Badersky
|
0-0: Called Strike 0-1: Foul Ball, location: 2F 0-2: Foul Ball, location: 2F 0-2: Strikes out looking
|
|
Batting: RHB Josh Carpenter
|
0-0: Ball 1-0: Ball 2-0: Ball 3-0: Called Strike 3-1: Swinging Strike 3-2: Strikes out looking
|
| Bottom of the 4th over - 0 runs, 1 hit, 0 errors, 1 left on base; Bluefield 0 - Seattle (APP) 2 |
| TOP OF THE 5TH |
|
Bluefield Blue Jays batting - Pitching for Seattle (APP) Mariners : RHP Mario Mata
|
|
Batting: RHB Manny Elizondo
|
0-0: Swinging Strike 0-1: Ball 1-1: Ball 2-1: SINGLE (Groundball, 56D, EV 106.2 MPH)
|
|
Batting: RHB Terry Plumley
|
0-0: Called Strike 0-1: Ball 1-1: Ball 2-1: 2-RUN HOME RUN (Line Drive, 7D, EV 101.9 MPH), Distance : 372 ft
|
|
Pitching: RHP Frank Cabrera
|
|
|
Batting: LHB Nate Greening
|
0-0: Ball 1-0: Foul Ball, location: 2F 1-1: Foul Ball, location: 2F 1-2: Foul Ball, location: 2F 1-2: Foul Ball, location: 2F 1-2: Ball 2-2: Strikes out swinging
|
|
Batting: RHB Mark Noftall
|
0-0: Ball 1-0: Called Strike 1-1: Ball 2-1: Fly out, F7 (Line Drive, 7LM, EV 109.4 MPH)
|
|
Batting: RHB Akira Kubo
|
0-0: Ground out 6-3 (Groundball, 6, EV 107.5 MPH)
|
| Top of the 5th over - 2 runs, 2 hits, 0 errors, 0 left on base; Bluefield 2 - Seattle (APP) 2 |
| BOTTOM OF THE 5TH |
|
Seattle (APP) Mariners batting - Pitching for Bluefield Blue Jays : RHP Bob Markle
|
|
Batting: RHB Chris Van Niel
|
0-0: Ball 1-0: Ground out 3-1 (Groundball, 34, EV 90.6 MPH)
|
|
Batting: RHB John Vasquez
|
0-0: Called Strike 0-1: Ball 1-1: Ball 2-1: Foul Ball, location: 2F 2-2: Foul Ball, location: 2F 2-2: Ball 3-2: Foul Ball, location: 2F 3-2: Base on Balls
|
|
Batting: SHB Carlos Luna
|
0-0: Called Strike 0-1: Hit by Pitch John Vasquez to second
|
|
Batting: RHB Nick Edmunds
|
0-0: Ball 1-0: Called Strike 1-1: Ball 2-1: Ball 3-1: Called Strike 3-2: Foul Ball, location: 2F 3-2: Foul Ball, location: 2F 3-2: Foul Ball, location: 2F 3-2: 3-RUN HOME RUN (Flyball, 7LD, EV 93.1 MPH), Distance : 340 ft
|
|
Pitching: RHP Jordan Wyatt
|
|
|
Batting: RHB Nick Ellis
|
0-0: Foul Ball, location: 2F 0-1: SOLO HOME RUN (Flyball, 9D, EV 93.1 MPH), Distance : 357 ft
|
|
Batting: RHB Carlton McDonald
|
0-0: Called Strike 0-1: Foul Ball, location: 2F 0-2: Ball 1-2: Ball 2-2: Ball 3-2: Ground out 6-3 (Groundball, 6, EV 86.2 MPH)
|
|
Batting: RHB Joaquin Salazar
|
0-0: DOUBLE (Line Drive, 89XD, EV 103.8 MPH)
|
|
Batting: RHB Ziven Badersky
|
0-0: Ball Joaquin Salazar steals 3rd base 1-0: Ball 2-0: Foul Ball, location: 2F 2-1: Called Strike 2-2: Fly out, F8 (Flyball, 89M, EV 90.6 MPH)
|
| Bottom of the 5th over - 4 runs, 3 hits, 0 errors, 1 left on base; Bluefield 2 - Seattle (APP) 6 |
| TOP OF THE 6TH |
|
Bluefield Blue Jays batting - Pitching for Seattle (APP) Mariners : RHP Frank Cabrera
|
|
Batting: RHB John Rios
|
0-0: Foul Ball, location: 2F 0-1: Called Strike 0-2: Strikes out swinging
|
|
Batting: LHB Ron de Vos
|
0-0: Called Strike 0-1: Foul Ball, location: 2F 0-2: Ball 1-2: Strikes out swinging
|
|
Batting: RHB Jorge Cruz
|
0-0: Ball 1-0: Foul Ball, location: 2F 1-1: Ball 2-1: Foul Ball, location: 2F 2-2: Ball 3-2: Strikes out swinging
|
| Top of the 6th over - 0 runs, 0 hits, 0 errors, 0 left on base; Bluefield 2 - Seattle (APP) 6 |
| BOTTOM OF THE 6TH |
|
Seattle (APP) Mariners batting - Pitching for Bluefield Blue Jays : RHP Jordan Wyatt
|
|
Batting: RHB Josh Carpenter
|
0-0: Ball 1-0: Called Strike 1-1: Called Strike 1-2: Ball 2-2: Strikes out swinging
|
|
Batting: RHB Chris Van Niel
|
0-0: Foul Ball, location: 2F 0-1: Ball 1-1: Called Strike 1-2: Foul Ball, location: 2F 1-2: Ball 2-2: Ground out U3 (Groundball, 34D, EV 103.8 MPH)
|
|
Batting: RHB John Vasquez
|
0-0: Ball 1-0: Reached on error, E4 (Groundball, 4, EV 86.9 MPH)
|
|
Batting: SHB Carlos Luna
|
0-0: Called Strike John Vasquez is caught stealing 2nd base 2-6
|
| Bottom of the 6th over - 0 runs, 0 hits, 1 error, 0 left on base; Bluefield 2 - Seattle (APP) 6 |
| TOP OF THE 7TH |
|
Bluefield Blue Jays batting - Pitching for Seattle (APP) Mariners : RHP Frank Cabrera
|
|
Pinch Hitting: RHB Jake Bronner
|
0-0: Ball 1-0: Foul Ball, location: 2F 1-1: Ground out 4-3 (Groundball, 4S, EV 72.5 MPH)
|
|
Batting: RHB Manny Elizondo
|
0-0: Ball 1-0: Ball 2-0: Called Strike 2-1: Ball 3-1: Ground out 6-3 (Groundball, 56D, EV 102.5 MPH)
|
|
Batting: RHB Terry Plumley
|
0-0: Ball 1-0: Ball 2-0: Called Strike 2-1: Foul Ball, location: 2F 2-2: Foul Ball, location: 2F 2-2: SOLO HOME RUN (Flyball, 7D, EV 91.2 MPH), Distance : 365 ft
|
|
Batting: LHB Nate Greening
|
0-0: Foul Ball, location: 2F 0-1: Ball 1-1: Ball 2-1: Called Strike 2-2: Foul Ball, location: 2F 2-2: SINGLE (Line Drive, 5D, EV 99.4 MPH)
|
|
Batting: RHB Mark Noftall
|
0-0: Ball 1-0: Called Strike Nate Greening steals 2nd base 1-1: Called Strike 1-2: 2-RUN HOME RUN (Flyball, 7D, EV 98.8 MPH), Distance : 377 ft
|
|
Pitching: LHP Will Creelman
|
|
|
Batting: RHB Akira Kubo
|
0-0: Called Strike 0-1: Foul Ball, location: 2F 0-2: Ball 1-2: Foul Ball, location: 2F 1-2: Ball 2-2: Strikes out swinging
|
| Top of the 7th over - 3 runs, 3 hits, 0 errors, 0 left on base; Bluefield 5 - Seattle (APP) 6 |
| BOTTOM OF THE 7TH |
|
Seattle (APP) Mariners batting - Pitching for Bluefield Blue Jays : RHP Jordan Wyatt
|
|
Now in RF: Jake Bronner
|
|
|
Batting: SHB Carlos Luna
|
0-0: SINGLE (Groundball, 56D, EV 106.2 MPH)
|
|
Batting: RHB Nick Edmunds
|
0-0: Ball 1-0: Ball 2-0: Ball 3-0: Base on Balls Carlos Luna to second
|
|
Batting: RHB Nick Ellis
|
0-0: 3-RUN HOME RUN (Flyball, 78XD, EV 99.4 MPH), Distance : 421 ft
|
|
Pitching: RHP Tim Donovan
|
|
|
Batting: LHB Chang Huie
|
0-0: Ball 1-0: Ball 2-0: Ball 3-0: Called Strike 3-1: Called Strike 3-2: Base on Balls
|
|
Batting: RHB Joaquin Salazar
|
0-0: Sac Bunt to 5S - play at first, batter OUT! 5-3 Chang Huie to second
|
|
Batting: RHB Ziven Badersky
|
0-0: Foul Ball, location: 2F 0-1: Ground out 6-3 (Groundball, 6, EV 85.6 MPH) Chang Huie to third
|
|
Batting: RHB Josh Carpenter
|
0-0: Ball 1-0: Swinging Strike 1-1: Ground out 6-3 (Groundball, 6S, EV 87.5 MPH)
|
| Bottom of the 7th over - 3 runs, 2 hits, 0 errors, 1 left on base; Bluefield 5 - Seattle (APP) 9 |
| TOP OF THE 8TH |
|
Bluefield Blue Jays batting - Pitching for Seattle (APP) Mariners : LHP Will Creelman
|
|
Batting: RHB John Rios
|
0-0: Called Strike 0-1: Ball 1-1: Ball 2-1: Foul Ball, location: 2F 2-2: Foul Ball, location: 2F 2-2: Foul Ball, location: 2F 2-2: Ground out 4-3 (Groundball, 4, EV 88.1 MPH)
|
|
Pinch Hitting: RHB Mike Chamberlain
|
0-0: Called Strike 0-1: Called Strike 0-2: SINGLE (Groundball, 56D, EV 108.1 MPH)
|
|
Batting: RHB Jorge Cruz
|
0-0: Ball 1-0: Grounds into double play, 6-4-3 (Groundball, 56D, EV 84.4 MPH)
|
| Top of the 8th over - 0 runs, 1 hit, 0 errors, 0 left on base; Bluefield 5 - Seattle (APP) 9 |
| BOTTOM OF THE 8TH |
|
Seattle (APP) Mariners batting - Pitching for Bluefield Blue Jays : RHP Tim Donovan
|
|
Now in CF: Jake Bronner
|
|
|
Now in RF: Mike Chamberlain
|
|
|
Batting: RHB Chris Van Niel
|
0-0: Ball 1-0: Called Strike 1-1: Foul Ball, location: 2F 1-2: Ball 2-2: Foul Ball, location: 2F 2-2: Hit by Pitch
|
|
Batting: RHB John Vasquez
|
0-0: Fly out, F9 (Flyball, 9LSF, EV 78.1 MPH)
|
|
Batting: SHB Carlos Luna
|
0-0: Called Strike Chris Van Niel steals 2nd base 0-1: Ball 1-1: Ball 2-1: Ground out 4-3 (Groundball, 4D, EV 98.8 MPH) Chris Van Niel to third
|
|
Batting: RHB Nick Edmunds
|
0-0: Called Strike 0-1: Foul Ball, location: 2F 0-2: Ball 1-2: Ground out 4-3 (Groundball, 4M, EV 86.2 MPH)
|
| Bottom of the 8th over - 0 runs, 0 hits, 0 errors, 1 left on base; Bluefield 5 - Seattle (APP) 9 |
| TOP OF THE 9TH |
|
Bluefield Blue Jays batting - Pitching for Seattle (APP) Mariners : LHP Will Creelman
|
|
Pitching: RHP Ruben Mendoza
|
|
|
Batting: RHB Jake Bronner
|
0-0: Ball 1-0: Fly out, F8 (Line Drive, 8RD, EV 92.5 MPH)
|
|
Batting: RHB Manny Elizondo
|
0-0: Called Strike 0-1: Ball 1-1: Swinging Strike 1-2: Strikes out swinging
|
|
Batting: RHB Terry Plumley
|
0-0: Swinging Strike 0-1: Fly out, F7 (Line Drive, 7LS, EV 108.8 MPH)
|
| Top of the 9th over - 0 runs, 0 hits, 0 errors, 0 left on base; Bluefield 5 - Seattle (APP) 9 |
|